 Dungeon Crawl Stone Soup version 0.29.1-1-gd02db6906a (webtiles) character file.

Game seed: 4520544860381484514

10850 croobank the Nimble (level 11, -30/54 HPs)
             Began as a Felid Summoner on Oct 6, 2022.
             Was an Initiate of Gozag.
             Killed by an exploding themself (38 damage)
             ... ignited by their inner flame
             ... on level 3 of the Lair of Beasts on Oct 7, 2022.
             The game lasted 01:51:09 (18486 turns).

croobank the Nimble (Felid Summoner)               Turns: 18486, Time: 01:51:09

Health: -30/54     AC:  2    Str:  4    XL:     11   Next: 41%
Magic:  31/43      EV: 26    Int: 21    God:    Gozag
Gold:   1588       SH:  0    Dex: 17    Spells: 14/28 levels left
                                        Lives:  0   Deaths: 3

rFire   . . .      SeeInvis +   (weapon unavailable)
rCold   . . .      Faith    .   (shield unavailable)
rNeg    . . .      Spirit   .   (body armour unavailable)
rPois   .          Reflect  .   (helmet unavailable)
rElec   .          Harm     .   (cloak unavailable)
rCorr   .          Rampage  .   (gloves unavailable)
Will    +....                   (boots unavailable)
Stlth   +++.......              (no amulet)
HPRegen 0.18/turn               D - ring of magical power
MPRegen 0.28/turn               s - ring of magical power

@: gold aura, quick
A: very small, claws 1, fangs 3, see invisible, speed 1, shaggy fur 2, stealthy
paws, no weapons or thrown items, no armour, multi-lived
a: Renounce Religion, Potion Petition, Call Merchant, Bribe Branch


You were on level 3 of the Lair of Beasts.
You worshipped Gozag.
Gozag was most pleased with you.
You visited 3 branches of the dungeon, and saw 16 of its levels.
You also visited: Gauntlet.

You collected 2321 gold pieces.
You spent 88 gold pieces at shops.
You paid 645 gold pieces to Gozag.

Inventory:

Hand Weapons
 g - a +0 sling
Jewellery
 b - a +6 ring of strength
 e - a ring of protection from fire
 h - a +4 ring of protection
 o - a ring of protection from cold
 p - a ring of ice
 r - a +4 ring of evasion
 s - a ring of magical power (right paw)
 v - a ring of positive energy
 y - a ring of fire
 D - a ring of magical power (left paw)
 F - an amulet of reflection
Wands
 d - a wand of mindburst (10)
 t - a wand of flame (15)
 w - a wand of charming (7)
 A - a wand of roots (3)
Scrolls
 c - a scroll of vulnerability
 k - a scroll of amnesia
 n - a scroll of identify
 u - 2 scrolls of magic mapping
 x - 4 scrolls of butterflies
 E - 3 scrolls of teleportation
 H - 3 scrolls of torment
Potions
 a - 2 potions of magic
 f - 2 potions of mutation
 i - a potion of brilliance
 j - 8 potions of flight
 l - 7 potions of attraction
 m - 2 potions of haste
 q - a potion of curing
 z - a potion of lignification
 B - 2 potions of might
 C - a potion of ambrosia
 G - 2 potions of heal wounds


   Skills:
 + Level 9.6 Fighting
 + Level 13.0 Dodging
 - Level 3.6 Stealth
 + Level 9.3 Spellcasting
 - Level 5.0 Hexes
 - Level 10.0 Summonings
 - Level 7.0 Air Magic


You had 14 spell levels left.
You knew the following spells:

 Your Spells              Type           Power      Damage    Failure   Level
a - Summon Small Mammal   Summ           100%       N/A       1%          1
b - Call Imp              Summ           51%        N/A       1%          2
c - Call Canine Familiar  Summ           51%        N/A       1%          3
d - Summon Guardian Gole  Hex/Summ       41%        N/A       1%          3
e - Summon Lightning Spi  Summ/Air       45%        N/A       1%          4
f - Freeze                Ice            36%        1d6       7%          1

Your spell library contained the following spells:

 Spells                   Type           Power      Damage    Failure   Level
 Sandblast                Erth           18%        2d7       7%          1
 Passwall                 Tmut/Erth      7%         N/A       11%         2
 Frozen Ramparts          Ice            18%        1d3       21%         3
 Stone Arrow              Conj/Erth      18%        3d8       21%         3
 Hailstorm                Conj/Ice       9%         3d4       56%         4
 Malign Gateway           Summ/Tloc      15%        N/A       100%        7


Dungeon Overview and Level Annotations

Branches:
Dungeon (12/15)            Temple (1/1) D:5            Lair (3/5) D:9
  Snake (0/4) Lair:3          Orc (0/2) D:12        Gauntlet (visited)
  Swamp: Lair:2-3    Shoals: Lair:2-3

Altars:
Ashenzari
Cheibriados
Dithmenos
Elyvilon
Fedhas
Gozag
Hepliaklqana
Kikubaaqudgha
Makhleb
Nemelex Xobeh
Okawaru
Qazlal
Ru
Sif Muna
Trog
Uskayaw
Vehumet
Wu Jian
Xom
Yredelemnul
Zin
The Shining One

Shops:
D:1 (   D:5 [   D:8 *

Annotations:
D:11 Rupert


Innate Abilities, Weirdness & Mutations

You have sharp claws.
You have razor-sharp teeth.
You have supernaturally acute eyesight. (SInv)
You cover ground quickly. (Speed+)
You are covered in thick fur. (AC +2)
Your paws help you pounce on unaware monsters.
You are incapable of wielding weapons or throwing items.
You cannot wear armour.
You gain extra lives every three experience levels.


Message History

You barely miss the black mamba.
The black mamba is no longer distracted by gold.
The black mamba hisses angrily.
The black mamba is severely wounded.
Your wolf bites the black mamba.
The black mamba bites you!
The black mamba bites your guardian golem but does no damage.
Your wolf closely misses the black mamba.
You barely miss the black mamba. Your bite misses the black mamba.
The black mamba is severely wounded.
The black mamba bites you!
* * * LOW HITPOINT WARNING * * *
The black mamba bites your guardian golem!
Your wolf closely misses the black mamba.
The black mamba misses you.
Your guardian golem overheats!
The black mamba bites your guardian golem.
Flame seeps out of your guardian golem.
Casting: Call Canine Familiar (safe; 1% risk of failure)
Confirm with . or Enter, or press ? or * to list all spells.
Okay, then.
You feel much better. The black mamba completely misses you.
Your wolf barely misses the black mamba.
The black mamba bites your guardian golem!
Flame seeps out of your guardian golem.
Your guardian golem is engulfed in blazing flames.
Flame seeps out of your guardian golem.
Your wolf closely misses the black mamba.
The black mamba bites you!
* * * LOW HITPOINT WARNING * * *
The black mamba bites your guardian golem!
Your guardian golem disappears in a puff of smoke!
Your guardian golem explodes!
The fiery explosion engulfs the black mamba!!
The black mamba dies!
The fiery explosion engulfs the black mamba!!!
The black mamba dies!
The fiery explosion engulfs your wolf! The fiery explosion engulfs you!!!
Ouch! That really hurt!
You die...
Your body crumbles into a pile of gold.

.............#
#.##P..##.#..
.###P##.#.....
#..........PP ##
#.......#
##...........P
#..P#####
#............#
##...........#
####.#........#
####.##..#........
##.#...#..........#
##§@§.$...#.#.......
#.h○§8...#.#.#.<...
#..§§§#.#.$........
......P#######.#.#....
......### .........
#..>..# ##.#.#...
##..P. ......... ##...
#.# ##.#. .... ... .


You could see a friendly wolf (summoned, sheltered) and a friendly lightning
spire (summoned, sheltered).

Vanquished Creatures
  Amaemon (D:7)
  4 elephants (Lair:2)
  Grinder (D:5)
  2 killer bees
  A hound (D:6)
  An orc priest (D:3)
  An orc wizard (D:9)
  An adder (D:6)
  A dart slug (D:3)
  2 orcs
  A ball python (D:3)
  3 bats
  5 endoplasms
  2 giant cockroaches (D:1)
  3 hobgoblins
  2 jackals (D:4)
  A kobold (D:1)
  A quokka (D:3)
  A frilled lizard (D:1)
  3 rats
37 creatures vanquished.

Vanquished Creatures (collateral kills)
  A manticore (D:9)
  4 elephants (Lair:2)
  A black mamba (Lair:2)
  A cane toad (Lair:2)
  A komodo dragon (D:9)
  A wind drake (Lair:3)
  Prince Ribbit (D:8)
  4 blink frogs (Lair:2)
  Sigmund (D:5)
  A wraith (D:12)
  11 yaks
  A basilisk (Lair:2)
  Eustachio (D:4)
  A wyvern (D:9)
  5 steam dragons
  2 vampire mosquitoes (D:10)
  2 orc warriors (D:8)
  A sky beast (D:7)
  An ogre (D:7)
  A centaur (D:10)
  2 kobold brigands
  Blork the orc (D:5)
  5 bullfrogs
  A gnoll sergeant (D:8)
  3 scorpions
  2 necrophages
  A wight (D:7)
  2 killer bees
  2 howler monkeys
  A crimson imp (D:8)
  5 jellies
  5 orc priests
  A gnoll bouda (D:5)
  An iguana (D:6)
  8 orc wizards
  Robin (D:3)
  8 gnolls
  2 adders
  A shadow imp (D:6)
  2 dart slugs
  42 orcs
  3 endoplasms
  2 giant cockroaches
  11 goblins
  7 hobgoblins
  5 jackals
  14 kobolds
  4 quokkas
  3 ball pythons
  2 bats (D:3)
  6 rats
195 creatures vanquished.

Vanquished Creatures (others)
  Erica (D:8)
  The ghost of SpoonFarmer the Conjurer, a novice HuCj of Vehumet (D:8)
  A manticore (Lair:3)
  An elephant (Lair:2)
  2 black mambas (Lair:3)
  An orange demon (D:8)
  2 komodo dragons
  2 cane toads
  A troll (D:7)
  A hornet (D:9)
  22 yaks
  3 wyverns
  A wraith (D:5)
  A basilisk (D:9)
  Edmund (D:4)
  A water moccasin (Lair:3)
  An orc warrior (D:9)
  2 ogres
  2 ice beasts
  2 bullfrogs
  A gnoll sergeant (D:7)
  A kobold brigand (D:7)
  4 wights (D:7)
  4 killer bees
  An orc priest (D:9)
  3 iguanas
  An orc wizard (D:9)
  6 gnolls
  3 adders
  An orc (D:9)
  2 kobolds (D:8)
  6 fungi
  13 plants
95 creatures vanquished.

Grand Total: 327 creatures vanquished

Notes
Turn   | Place    | Note
-------+----------+-------------------------------------------
     0 | D:1      | croobank the Felid Summoner began the quest for the Orb.
     0 | D:1      | Reached XP level 1. HP: 7/7 MP: 4/4
   319 | D:1      | Reached skill level 3 in Dodging
   489 | D:1      | Reached XP level 2. HP: 11/11 MP: 3/6
   492 | D:1      | Learned a level 2 spell: Call Imp
   712 | D:1      | Found Roitoen's Weapon Emporium.
  1377 | D:2      | Reached XP level 3. HP: 13/14 MP: 2/7
  2323 | D:3      | Learned a level 3 spell: Call Canine Familiar
  2460 | D:3      | Reached XP level 4. HP: 18/18 MP: 1/9
  2778 | D:3      | Reached skill level 1 in Fighting
  2806 | D:3      | Reached skill level 4 in Dodging
  2904 | D:3      | Found a faded altar of an unknown god.
  2987 | D:3      | Reached XP level 5. HP: 22/22 MP: 4/10
  3137 | D:3      | Learned a level 3 spell: Summon Guardian Golem
  3165 | D:3      | Noticed Robin
  3179 | D:3      | Killed Robin
  3317 | D:3      | Reached skill level 5 in Summonings
  3661 | D:3      | Gained mutation: You are covered in thick fur. (AC +2)
                  | [Felid growth]
  3661 | D:3      | Reached XP level 6. HP: 26/26 MP: 6/12
  3783 | D:3      | Reached skill level 1 in Hexes
  3875 | D:3      | Reached skill level 5 in Dodging
  4418 | D:4      | Noticed Eustachio
  4445 | D:4      | Killed Eustachio
  4563 | D:4      | Reached XP level 7. HP: 30/30 MP: 6/13
  4756 | D:4      | Found a glowing golden altar of the Shining One.
  5081 | D:4      | Noticed Edmund
  5097 | D:4      | Killed Edmund
  5657 | D:5      | Entered Level 5 of the Dungeon
  6050 | D:5      | Noticed a wraith
  6077 | D:5      | Killed a wraith
  6078 | D:5      | Reached skill level 6 in Dodging
  6112 | D:5      | Found Ozicvosa's Antique Armour Shoppe.
  6118 | D:5      | Found a staircase to the Ecumenical Temple.
  6127 | Temple   | Entered the Ecumenical Temple
  6244 | D:5      | Noticed Blork the orc
  6252 | D:5      | Learned a level 4 spell: Summon Lightning Spire
  6271 | D:5      | Killed Blork the orc
  6272 | D:5      | Reached XP level 8. HP: 35/35 MP: 6/15
  6559 | D:5      | Noticed Sigmund
  6581 | D:5      | Identified a scroll of acquirement
  6581 | D:5      | Acquired a ring of protection from fire
  6602 | D:5      | Killed Sigmund
  6603 | D:5      | Reached skill level 1 in Air Magic
  6859 | D:5      | Noticed Grinder
  6914 | D:5      | Killed Grinder
  7042 | D:5      | Found a sparkling altar of Nemelex Xobeh.
  7153 | D:5      | Reached skill level 5 in Hexes
  7458 | D:5      | Reached skill level 7 in Dodging
  8244 | D:6      | Reached skill level 5 in Spellcasting
  9035 | D:6      | Reached XP level 9. HP: 39/39 MP: 17/17
  9415 | D:6      | Found an ancient bone altar of Kikubaaqudgha.
  9731 | D:7      | Found a bloodstained altar of Trog.
  9762 | D:7      | Found an opulent altar of Gozag.
  9763 | D:7      | Found a shimmering blue altar of Sif Muna.
  9769 | D:7      | Became a worshipper of Gozag Ym Sagoz the Greedy
  9863 | D:7      | Reached skill level 5 in Fighting
  9894 | D:7      | Reached skill level 8 in Dodging
 10001 | D:7      | Noticed a troll
 10011 | D:7      | Killed a troll
 10261 | D:7      | Found an ornate altar of the Wu Jian Council.
 11293 | D:8      | Noticed Amaemon
 11293 | D:8      | Noticed an orange demon
 11309 | D:7      | Killed Amaemon
 11310 | D:7      | Reached skill level 9 in Dodging
 11397 | D:7      | Reached XP level 10. HP: 45/45 MP: 20/20
 11573 | D:8      | Killed an orange demon
 11752 | D:8      | Noticed Prince Ribbit
 11767 | D:8      | Killed Prince Ribbit
 11913 | D:8      | Found Vuukk's General Store.
 11934 | D:8      | HP: 2/46 [orc priest/divine providence (16)]
 12078 | D:8      | Found a sacrificial altar of Ru.
 12166 | D:8      | Noticed Erica
 12188 | D:8      | Killed Erica
 12189 | D:8      | Reached skill level 5 in Air Magic
 12244 | D:8      | Found a burning altar of Makhleb.
 12307 | D:8      | Found a radiant altar of Vehumet.
 12338 | D:8      | Found a runed translucent door.
 12367 | D:8      | Noticed SpoonFarmer's ghost (novice HuCj)
 12541 | D:8      | Bought a potion of magic for 88 gold pieces
 12778 | D:8      | Killed SpoonFarmer's ghost
 12779 | D:8      | Reached skill level 10 in Dodging
 13067 | D:9      | HP: 2/47 [orc warrior/bolt (21)]
 13187 | D:9      | You fall into a shaft and drop 3 floors!
 13189 | D:12     | Noticed a gargoyle
 13221 | D:12     | Noticed Rupert
 13235 | D:11     | Slain by Rupert
 13236 | D:11     | Reached XP level 9. HP: -3/43 MP: 27/29
 13285 | D:11     | Annihilated by Rupert
 13286 | D:11     | Reached XP level 8. HP: -32/40 MP: 28/28
 13327 | D:10     | Entered Level 10 of the Dungeon
 13379 | D:9      | Reached XP level 9. HP: 43/43 MP: 20/20
 14069 | D:9      | Reached XP level 10. HP: 47/47 MP: 22/22
 14350 | D:9      | Noticed a manticore
 14361 | D:9      | Reached skill level 11 in Dodging
 14378 | D:9      | Killed a manticore
 14497 | D:9      | Found a staircase to the Lair.
 14893 | D:10     | Noticed a +0 short sword
 14894 | D:10     | Noticed a +0 short sword
 14907 | D:10     | Got Vugo Mev's Catalogue of the Congregation
 14997 | D:10     | Found a broken altar of Ashenzari.
 15125 | D:10     | Noticed a +0 spear
 15125 | D:10     | Noticed a +0 spear
 15126 | D:10     | Noticed a +0 falchion
 15126 | D:10     | Noticed a +0 dagger
 15128 | D:10     | Noticed a +0 falchion
 15130 | D:10     | Noticed a +0 dagger
 15133 | D:10     | Found a hide-covered altar of Uskayaw.
 15470 | Lair:1   | Entered Level 1 of the Lair of Beasts
 16034 | Lair:1   | Reached XP level 11. HP: 52/52 MP: 20/24
 16427 | Lair:1   | Killed by an exploding themself... ignited by their inner
                  | flame
 16428 | Lair:1   | Reached XP level 10. HP: -3/49 MP: 17/32
 16481 | Lair:2   | Noticed a black mamba
 16492 | Lair:2   | Killed a black mamba
 16670 | Lair:2   | Found a gate leading to a gauntlet.
 16689 | Gauntlet | Entered a Gauntlet
 16689 | Gauntlet | Found a transporter.
 16689 | Gauntlet | Found a transporter.
 16690 | Gauntlet | Noticed a sixfirhy
 16691 | Gauntlet | Found a transporter.
 16691 | Gauntlet | Noticed a wizard
 16692 | Gauntlet | Found a transporter.
 16710 | Gauntlet | Found a transporter.
 16722 | Gauntlet | Found a transporter.
 16723 | Gauntlet | Found a transporter.
 16730 | Gauntlet | Found a transporter.
 16744 | Gauntlet | Noticed a spectral four-headed hydra
 16744 | Gauntlet | Noticed a death scarab
 16747 | Gauntlet | Found a transporter.
 16747 | Gauntlet | Noticed a death scarab
 16750 | Gauntlet | Noticed a spectral eight-headed hydra
 16797 | Lair:2   | Noticed an elephant
 16804 | Lair:2   | Noticed an elephant
 16806 | Lair:2   | Noticed an elephant
 16809 | Lair:2   | Killed an elephant
 16810 | Lair:2   | Reached skill level 12 in Dodging
 16833 | Lair:2   | Killed an elephant
 16833 | Lair:2   | Killed an elephant
 16834 | Lair:2   | Reached skill level 10 in Summonings
 16991 | Lair:2   | Noticed a cane toad
 17022 | Lair:2   | Killed a cane toad
 17291 | Lair:2   | Noticed an elephant
 17315 | Lair:2   | Noticed an elephant
 17317 | Lair:2   | Noticed an elephant
 17318 | Lair:2   | Noticed an elephant
 17318 | Lair:2   | Noticed an elephant
 17320 | Lair:2   | Noticed an elephant
 17360 | Lair:2   | Killed an elephant
 17363 | Lair:2   | Killed an elephant
 17363 | Lair:2   | Killed an elephant
 17364 | Lair:2   | Reached XP level 11. HP: 53/53 MP: 24/24
 18457 | Lair:3   | Found a staircase to the Snake Pit.
 18463 | Lair:3   | Reached skill level 13 in Dodging
 18464 | Lair:3   | Learned a level 1 spell: Freeze
 18486 | Lair:3   | Killed by an exploding themself... ignited by their inner
                  | flame

Illustrated notes

Levels and vault maps discovered:
D:1:      co_arrival_hall_of_pillars, layout_basic, serial_shops,
          nicolae_shop_bloodbath_and_beyond
D:2:      layout_rooms
D:3:      cheibrodos_thug_alley, layout_loops_corners, basic_ecumenical_altar,
          uniq_robin
D:4:      layout_cave_pods, nicolae_overflow_crystal_walls, uniq_eustachio,
          uniq_edmund
D:5:      layout_loops_corners, nemelex_spade_bored_becter,
          minmay_temple_entry_drinking_statues, serial_shops, shop,
          uniq_sigmund, uniq_grinder, uniq_blork_the_orc
D:6:      layout_loops_ring, mainiacjoe_overflow_alcove_4,
          kennysheep_small_square
D:7:      layout_loops_ring, nicolae_overflow_hidden_temple,
          chequers_temple_overflow_statue_of_worship,
          minmay_fractal_squares_gapless_5
D:8:      layout_cave_pools, grunt_temple_overflow_lords_of_destruction,
          nicolae_ru_awakened_eye, hellmonk_ghost_happy_afterlife, serial_shops,
          nicolae_shop_hallway_stairs, uniq_amaemon, uniq_prince_ribbit1,
          uniq_erica
D:9:      layout_gridville, erik_lair_dragon, minivault_21
D:10:     layout_basic, nicolae_uskayaw_en_pointe, mainiacjoe_overflow_paths
D:11:     layout_loops_ring, grunt_gozag_breadcrumbs, uniq_fannar
D:12:     layout_cave_pools, david_orc_3, vehumet_altar_wand_db, uniq_rupert,
          uniq_kirke, uniq_azrael
Temple:   hellmonk_temple_beads
Lair:1:   layout_chaotic_city, serial_forest, infiniplex_forest_lined_2,
          infiniplex_forest_lined_room_2, infiniplex_forest_corner_2,
          infiniplex_forest_clump_small, infiniplex_forest_clump_long,
          infiniplex_forest_lined_2, infiniplex_forest_pool,
          infiniplex_forest_clump_large
Lair:2:   layout_big_grid, gauntlet_entry_generic, minmay_holes
Lair:3:   layout_chaotic_city, minmay_shoals_entry_beasts,
          minmay_snake_entry_six_corridors, st_stairs_13,
          infiniplex_staircase_pool

Skill      XL: |  1  2  3  4  5  6  7  8  9 10 11 |
---------------+----------------------------------+-----
Dodging        | 3 4 5 6 7 9 12 13 | 13.0
Stealth        | 3 |  3.6
Fighting       | 1 2 3 4 6 9 |  9.6
Spellcasting   | 3 4 5 6 8 9 |  9.3
Summonings     | 5 6 9 10 | 10.0
Hexes          | 2 4 5 |  5.0
Air Magic      | 2 6 7 |  7.0

Action                   |  1- 3 |  4- 6 |  7- 9 | 10-12 || total
-------------------------+-------+-------+-------+-------++-------
Melee: Unarmed           |    37 |    41 |    43 |    49 ||   170
       Bite              |     5 |     4 |     7 |    11 ||    27
       Punch             |       |     2 |     1 |     1 ||     4
 Cast: Summon Small Mamm |    55 |    35 |   102 |    17 ||   209
       Call Imp          |    18 |     9 |    14 |     5 ||    46
       Call Canine Famil |     2 |    23 |    53 |    24 ||   102
       Summon Guardian G |       |     1 |    50 |    43 ||    94
       Summon Lightning  |       |       |    12 |    52 ||    64
       Freeze            |       |       |       |     1 ||     1
Invok: Potion Petition   |       |       |     1 |     1 ||     2
Evoke: Wand              |       |       |     9 |       ||     9
  Use: Potion            |     1 |     2 |     4 |     6 ||    13
       Scroll            |       |     7 |    13 |    13 ||    33
 Stab: Sleeping          |     4 |       |       |       ||     4
       Distracted        |       |     1 |     2 |     2 ||     5
Armor: Skin              |     5 |    21 |    10 |     6 ||    42
Dodge: Dodged            |    27 |    82 |   129 |   110 ||   348
